3A
BELLEVILLE BULLS @ YORK REVOLUTION
07/27/2029
 
TOP OF THE 1ST
Belleville Bulls batting - Pitching for York Revolution : RHP De John Cleland
Pitching: RHP De John Cleland
Batting: LHB Seung-soo Ch'ae 0-0: Swinging Strike
0-1: Ball
1-1: Called Strike
1-2: Ground out 6-3 (Groundball, 6)
Batting: LHB Alan Shaw 0-0: Fly out, F9 (Flyball, 89S)
Batting: LHB Walt Lathon 0-0: Ball
1-0: Called Strike
1-1: Ball
2-1: Ground out 5-3 (Groundball, 56)
Top of the 1st over - 0 runs, 0 hits, 0 errors, 0 left on base; Belleville 0 - York 0
BOTTOM OF THE 1ST
York Revolution batting - Pitching for Belleville Bulls : RHP Martín García
Pitching: RHP Martín García
Batting: RHB Reinaart Manshert 0-0: Fly out, F7 (Flyball, 7LSF)
Batting: LHB Joe Ellison 0-0: Called Strike
0-1: Ball
1-1: Swinging Strike
1-2: Strikes out swinging
Batting: LHB Arana Sashi 0-0: Swinging Strike
0-1: Ball
1-1: Swinging Strike
1-2: Foul Ball, location: 2F
1-2: Ground out 6-3 (Groundball, 6M)
Bottom of the 1st over - 0 runs, 0 hits, 0 errors, 0 left on base; Belleville 0 - York 0
TOP OF THE 2ND
Belleville Bulls batting - Pitching for York Revolution : RHP De John Cleland
Batting: LHB Scot Willis 0-0: Called Strike
0-1: Foul Ball, location: 2F
0-2: Strikes out swinging
Batting: RHB Alejandro Serrato 0-0: Ball
1-0: Ball
2-0: Ball
3-0: Called Strike
3-1: Swinging Strike
3-2: Fly out, F8 (Line Drive, 89M)
Batting: RHB Leonardo Sotelo 0-0: Called Strike
0-1: Foul Ball, location: 2F
0-2: Strikes out swinging
Top of the 2nd over - 0 runs, 0 hits, 0 errors, 0 left on base; Belleville 0 - York 0
BOTTOM OF THE 2ND
York Revolution batting - Pitching for Belleville Bulls : RHP Martín García
Batting: RHB Kasper Schuilenberg 0-0: Called Strike
0-1: Foul Ball, location: 2F
0-2: Ground out 4-3 (Groundball, 4)
Batting: LHB Gong Mao 0-0: Fly out, F7 (Flyball, 7)
Batting: RHB Noah Bushby 0-0: Foul Ball, location: 2F
0-1: Ball
1-1: Ball
2-1: Foul Ball, location: 2F
2-2: Fly out, F9 (Flyball, 9LSF)
Bottom of the 2nd over - 0 runs, 0 hits, 0 errors, 0 left on base; Belleville 0 - York 0
TOP OF THE 3RD
Belleville Bulls batting - Pitching for York Revolution : RHP De John Cleland
Batting: RHB Júlio Robles 0-0: Ball
1-0: Swinging Strike
1-1: Ball
2-1: Swinging Strike
2-2: Strikes out swinging
Batting: LHB Don McGhee 0-0: Ball
1-0: Ground out 5-3 (Groundball, 56)
Batting: RHB Jon Hounshell 0-0: Foul Ball, location: 2F
0-1: Foul Ball, location: 2F
0-2: Ground out 5-3 (Groundball, 56)
Top of the 3rd over - 0 runs, 0 hits, 0 errors, 0 left on base; Belleville 0 - York 0
BOTTOM OF THE 3RD
York Revolution batting - Pitching for Belleville Bulls : RHP Martín García
Batting: RHB James Deines 0-0: Ball
1-0: Fly out, F3 (Popup, 3F)
Batting: RHB Pedro Flores 0-0: Called Strike
0-1: Ball
1-1: Foul Ball, location: 2F
1-2: Ball
2-2: Ball
3-2: Ground out 4-3 (Groundball, 4)
Batting: RHB Colm Goodwill 0-0: Called Strike
0-1: Foul Ball, location: 2F
0-2: Ball
1-2: Foul Ball, location: 2F
1-2: Fly out, F3 (Line Drive, 34)
Bottom of the 3rd over - 0 runs, 0 hits, 0 errors, 0 left on base; Belleville 0 - York 0
TOP OF THE 4TH
Belleville Bulls batting - Pitching for York Revolution : RHP De John Cleland
Batting: LHB Seung-soo Ch'ae 0-0: Called Strike
0-1: Ball
1-1: Foul Ball, location: 2F
1-2: Ball
2-2: Ball
3-2: Foul Ball, location: 2F
3-2: TRIPLE (Flyball, 78XD)
Batting: LHB Alan Shaw 0-0: Foul Ball, location: 2F
0-1: Swinging Strike
0-2: Ball
1-2: Ball
2-2: Strikes out swinging
Batting: LHB Walt Lathon 0-0: Ball
1-0: Swinging Strike
1-1: Called Strike
1-2: Strikes out swinging
Batting: LHB Scot Willis 0-0: SINGLE (Groundball, 34D)
Seung-soo Ch'ae scores
Batting: RHB Alejandro Serrato 0-0: Swinging Strike
0-1: Ball
1-1: Foul Ball, location: 2F
1-2: Ball
2-2: Strikes out swinging
Top of the 4th over - 1 run, 2 hits, 0 errors, 1 left on base; Belleville 1 - York 0
BOTTOM OF THE 4TH
York Revolution batting - Pitching for Belleville Bulls : RHP Martín García
Batting: RHB Reinaart Manshert 0-0: Foul Ball, location: 2F
0-1: Fly out, F7 (Flyball, 7S)
Batting: LHB Joe Ellison 0-0: Ball
1-0: Ball
2-0: Foul Ball, location: 2F
2-1: Foul Ball, location: 2F
2-2: Strikes out looking
Batting: LHB Arana Sashi 0-0: Foul Ball, location: 2F
0-1: Ball
1-1: Ball
2-1: Ball
3-1: Called Strike
3-2: SINGLE (Line Drive, 8LS)
Batting: RHB Kasper Schuilenberg 0-0: Ball
1-0: Ball
2-0: Foul Ball, location: 2F
2-1: Ground out 4-3 (Groundball, 4)
Bottom of the 4th over - 0 runs, 1 hit, 0 errors, 1 left on base; Belleville 1 - York 0
TOP OF THE 5TH
Belleville Bulls batting - Pitching for York Revolution : RHP De John Cleland
Batting: RHB Leonardo Sotelo 0-0: Ball
1-0: Ball
2-0: Ball
3-0: Called Strike
3-1: Swinging Strike
3-2: Base on Balls
Batting: RHB Júlio Robles 0-0: Called Strike
0-1: Ball
1-1: Ball
2-1: Ball
3-1: Base on Balls
Leonardo Sotelo to second
Batting: LHB Don McGhee 0-0: Ball
1-0: Grounds into double play, 4-6-3 (Groundball, 4)
Leonardo Sotelo to third
Batting: RHB Jon Hounshell 0-0: Ball
1-0: Ball
2-0: Ball
3-0: Base on Balls
Batting: LHB Seung-soo Ch'ae 0-0: Foul Ball, location: 2F
0-1: Fly out, F9 (Flyball, 9LS)
Top of the 5th over - 0 runs, 0 hits, 0 errors, 2 left on base; Belleville 1 - York 0
BOTTOM OF THE 5TH
York Revolution batting - Pitching for Belleville Bulls : RHP Martín García
Batting: LHB Gong Mao 0-0: Ball
1-0: Foul Ball, location: 2F
1-1: Foul Ball, location: 2F
1-2: Ball
2-2: Ball
3-2: Foul Ball, location: 2F
3-2: SINGLE (Groundball, 4MS) (infield hit)
Pitching: RHP Octávio Moya
Batting: RHB Noah Bushby 0-0: Called Strike
0-1: Ball
1-1: Foul Ball, location: 2F
1-2: Strikes out swinging
Batting: RHB James Deines 0-0: Called Strike
0-1: Foul Ball, location: 2F
0-2: SINGLE (Line Drive, 9LS)
Gong Mao to second
Runner from 2nd tries for 3rd, SAFE, no throw
Batting: RHB Pedro Flores 0-0: Called Strike
0-1: Ball
1-1: Called Strike
1-2: Strikes out looking
Batting: RHB Colm Goodwill 0-0: Ball
1-0: Called Strike
1-1: Ball
2-1: Swinging Strike
2-2: Strikes out swinging
Bottom of the 5th over - 0 runs, 2 hits, 0 errors, 2 left on base; Belleville 1 - York 0
TOP OF THE 6TH
Belleville Bulls batting - Pitching for York Revolution : RHP De John Cleland
Batting: LHB Alan Shaw 0-0: Ground out U3 (Groundball, 3)
Batting: LHB Walt Lathon 0-0: Ball
1-0: Ball
2-0: Ball
3-0: Called Strike
3-1: Base on Balls
Batting: LHB Scot Willis 0-0: Foul Ball, location: 2F
0-1: Fly out, F9 (Flyball, 9)
Batting: RHB Alejandro Serrato 0-0: Ball
Walt Lathon steals 2nd base
1-0: Ground out 5-3 (Groundball, 56)
Top of the 6th over - 0 runs, 0 hits, 0 errors, 1 left on base; Belleville 1 - York 0
BOTTOM OF THE 6TH
York Revolution batting - Pitching for Belleville Bulls : RHP Octávio Moya
Batting: RHB Reinaart Manshert 0-0: Ball
1-0: Foul Ball, location: 2F
1-1: DOUBLE (Line Drive, 89M)
Batting: LHB Joe Ellison 0-0: Called Strike
0-1: Ball
1-1: Fly out, F9 (Flyball, 89S)
Batting: LHB Arana Sashi 0-0: Called Strike
0-1: Ball
Wild Pitch!
Reinaart Manshert to third
1-1: Ball
2-1: Swinging Strike
2-2: Fly out, F7 (Line Drive, 78M)
Runner from 3rd tags up, SCORES, throw made
Now in LF: José Bumgarnor
Batting: RHB Kasper Schuilenberg 0-0: Called Strike
0-1: Ball
1-1: Fly out, F9 (Flyball, 9)
Bottom of the 6th over - 1 run, 1 hit, 0 errors, 0 left on base; Belleville 1 - York 1
TOP OF THE 7TH
Belleville Bulls batting - Pitching for York Revolution : RHP De John Cleland
Batting: RHB Leonardo Sotelo 0-0: Ball
1-0: Ball
2-0: SINGLE (Groundball, 56D)
Batting: RHB Júlio Robles 0-0: Ball
1-0: Foul Ball, location: 2F
1-1: Ball
2-1: Swinging Strike
2-2: Ball
3-2: Fielders Choice at 2nd, 4-6 (Groundball, 4)
Pinch Hitting: LHB Samuel Bartolomej 0-0: SINGLE (Line Drive, 5D)
Júlio Robles to second
Batting: RHB Jon Hounshell 0-0: Called Strike
0-1: Swinging Strike
0-2: Ball
1-2: Strikes out swinging
Batting: LHB Seung-soo Ch'ae 0-0: Ball
1-0: Foul Ball, location: 2F
1-1: Foul Ball, location: 2F
1-2: DOUBLE (Line Drive, 78M)
Júlio Robles scores
Samuel Bartolomej to third
Batting: LHB Alan Shaw 0-0: Foul Ball, location: 2F
0-1: Ball
1-1: Swinging Strike
1-2: Strikes out swinging
Top of the 7th over - 1 run, 3 hits, 0 errors, 2 left on base; Belleville 2 - York 1
BOTTOM OF THE 7TH
York Revolution batting - Pitching for Belleville Bulls : RHP Octávio Moya
Now at 3B: Pancho Rodríguez
Batting: LHB Gong Mao 0-0: Ball
1-0: Foul Ball, location: 2F
1-1: Foul Ball, location: 2F
1-2: Strikes out swinging, 2-3 out at first.
Batting: RHB Noah Bushby 0-0: Ball
1-0: Foul Ball, location: 2F
1-1: TRIPLE (Line Drive, 78D)
Pinch Hitting: LHB Matt Ouweneel 0-0: Ball
1-0: Ball
2-0: Called Strike
2-1: Called Strike
2-2: Foul Ball, location: 2F
2-2: Ball
3-2: Base on Balls
Batting: RHB Pedro Flores 0-0: Foul Ball, location: 2F
0-1: Ground out 4-3 (Groundball, 34)
Noah Bushby scores
Matt Ouweneel to second
Batting: RHB Colm Goodwill 0-0: Ball
1-0: Called Strike
1-1: Ground out 5-3 (Groundball, 56)
Bottom of the 7th over - 1 run, 1 hit, 0 errors, 1 left on base; Belleville 2 - York 2
TOP OF THE 8TH
Belleville Bulls batting - Pitching for York Revolution : RHP De John Cleland
Now in LF: Matt Ouweneel
Batting: RHB José Bumgarnor 0-0: Called Strike
0-1: Ball
1-1: Fly out, F7 (Flyball, 7)
Batting: LHB Scot Willis 0-0: Ball
1-0: Swinging Strike
1-1: Swinging Strike
1-2: Ball
2-2: Ground out 4-3 (Groundball, 4)
Batting: RHB Alejandro Serrato 0-0: Called Strike
0-1: Called Strike
0-2: Ball
1-2: Ball
2-2: Foul Ball, location: 2F
2-2: Ball
3-2: Strikes out swinging
Top of the 8th over - 0 runs, 0 hits, 0 errors, 0 left on base; Belleville 2 - York 2
BOTTOM OF THE 8TH
York Revolution batting - Pitching for Belleville Bulls : RHP Octávio Moya
Batting: RHB Reinaart Manshert 0-0: Ball
1-0: Called Strike
1-1: Called Strike
1-2: Ball
2-2: Ball
3-2: Foul Ball, location: 2F
3-2: SINGLE (Line Drive, 4D)
Batting: LHB Joe Ellison 0-0: Bunted foul
0-1: Sac Bunt - play at first, batter OUT! 2-4
Reinaart Manshert to second
Batting: LHB Arana Sashi 0-0: Ball
1-0: Swinging Strike
1-1: Ball
2-1: Foul Ball, location: 2F
2-2: Fly out, F8 (Flyball, 8RXD)
Runner from 2nd tags up, SAFE at 3rd, no throw
Batting: RHB Kasper Schuilenberg 0-0: Ball
1-0: Foul Ball, location: 2F
1-1: Ball
2-1: Foul Ball, location: 2F
2-2: Fly out, F5 (Line Drive, 5L)
Bottom of the 8th over - 0 runs, 1 hit, 0 errors, 1 left on base; Belleville 2 - York 2
TOP OF THE 9TH
Belleville Bulls batting - Pitching for York Revolution : RHP De John Cleland
Pitching: RHP Dane Bramble
Batting: RHB Leonardo Sotelo 0-0: Called Strike
0-1: Ball
1-1: Swinging Strike
1-2: Strikes out swinging
Batting: RHB Júlio Robles 0-0: Ball
1-0: Ball
2-0: Foul Ball, location: 2F
2-1: Foul Ball, location: 2F
2-2: Strikes out swinging
Pitching: RHP Gary MacHardy
Batting: RHB Pancho Rodríguez 0-0: Called Strike
0-1: Ground out 5-3 (Groundball, 5L)
Top of the 9th over - 0 runs, 0 hits, 0 errors, 0 left on base; Belleville 2 - York 2
BOTTOM OF THE 9TH
York Revolution batting - Pitching for Belleville Bulls : RHP Octávio Moya
Batting: LHB Gong Mao 0-0: Foul Ball, location: 2F
0-1: Foul Ball, location: 2F
0-2: Ball
1-2: Hit by Pitch
Pinch Runner at 1st William Rimmer:
Batting: RHB Noah Bushby 0-0: Ball
1-0: Foul Ball, location: 2F
1-1: Ball
2-1: Foul Ball, location: 2F
2-2: Strikes out swinging
Batting: LHB Matt Ouweneel 0-0: Ball
William Rimmer steals 2nd base
1-0: Intentional Walk
Pinch Hitting: RHB Ángelo Díaz 0-0: Ball
Throwing error on steal attempt, E2
William Rimmer scores
Tuesday, December 19th, 2017 - OOTP Baseball 18.8 Build 76